 Dungeon Crawl Stone Soup version 0.30-a0-168-g0b976cbdc4 (webtiles) character file.

Game seed: 17856369289713402274

37 qw the Shield-Bearer (level 3, 0/23 HPs)
             Began as a Gargoyle Fighter on Sept 29, 2022.
             Slain by a gnoll
             ... wielding a +0 whip
              (4 damage)
             ... on level 2 of the Dungeon.
             The game lasted 00:00:28 (1236 turns).

qw the Shield-Bearer (Gargoyle Fighter)             Turns: 1236, Time: 00:00:29

Health: 0/23       AC: 11    Str: 21    XL:     3   Next: 39%
Magic:  3/3        EV:  8    Int:  8    God:
Gold:   40         SH:  8    Dex:  9    Spells: 2/2 levels left

rFire   . . .      SeeInvis .    Y - +0 war axe
rCold   . . .      Faith    .    f - +0 kite shield
rNeg    + . .      Spirit   .    b - +0 scale mail
rPois   inf        Reflect  .    i - +0 helmet
rElec   +          Harm     .    (no cloak)
rCorr   .          Rampage  .    (no gloves)
Will    .....                    (no boots)
Stlth   ..........               (no amulet)
HPRegen 0.07/turn                (no ring)
MPRegen 0.08/turn                (no ring)

@: no status effects
A: sickness immunity, AC +3, negative energy resistance 1, electricity
resistance, torment resistance 1, petrification resistance
a: no special abilities


You were on level 2 of the Dungeon.
You visited 1 branch of the dungeon, and saw 2 of its levels.

You collected 40 gold pieces.


Innate Abilities, Weirdness & Mutations

You are immune to sickness and miasma.
Your stone body is resilient. (AC +3)
You are immune to poison.
You resist negative energy. (rN+)
You are resistant to electric shocks. (rElec)
You are resistant to unholy torment.
You are immune to petrification.


   Skills:
 - Level 3.2 Fighting
 - Level 3.2 Axes
 - Level 3.2 Armour
 + Level 3.4 Shields


You had 2 spell levels left.
You didn't know any spells.
Your spell library was empty.

Inventory:

Hand Weapons
 g - a +0 whip
 Y - a +0 war axe (weapon)
Armour
 b - a +0 scale mail (worn)
 f - a +0 kite shield (worn)
 i - a +0 helmet (worn)
Potions
 d - 4 potions of might

Dungeon Overview and Level Annotations

Branches:
Dungeon (2/15)

Altars:
Ashenzari


Message History

The gnoll hits you with a +0 whip.
You struggle against the net.
A gnoll comes into view. It is wielding a +0 halberd.
The gnoll barely misses you.
You struggle against the net.
The gnoll shouts!
The gnoll hits you with a +0 whip. The gnoll hits you but does no damage.
You struggle against the net.
The gnoll hits you with a +0 whip. The gnoll hits you but does no damage.
You struggle against the net.
The gnoll hits you but does no damage. The gnoll hits you with a +0 whip.
The gnoll hits you but does no damage.
You rip the net and break free!
You block the gnoll's attack. The gnoll hits you but does no damage.
The gnoll barely misses you.
You hit the gnoll.
The gnoll is moderately wounded.
You slash the gnoll! You barely miss the gnoll.
The gnoll hits you with a +0 whip. You block the gnoll's attack.
The gnoll barely misses you.
You hit the gnoll.
The gnoll is severely wounded.
You hit the gnoll but do no damage. You closely miss the gnoll.
You slash the worm! The gnoll barely misses you.
The gnoll hits you but does no damage. x2
The gnoll barely misses you. You block the worm's attack.
You barely miss the gnoll.
The gnoll is severely wounded.
You hit the gnoll. You hit the worm. You slash the gnoll!
The gnoll barely misses you.
The gnoll hits you but does no damage. x3
The gnoll barely misses you.
The gnoll hits you from afar with a +0 halberd.
The gnoll hits you with a +0 whip. The gnoll hits you but does no damage.
You slash the gnoll!
You kill the gnoll!
You hit the gnoll. You barely miss the worm. You slash the gnoll!
You kill the gnoll!
The gnoll closely misses you. You block the gnoll's attack.
The worm completely misses you. The gnoll hits you with a +0 whip.
You die...

#........... . ....
#......... . ....
#........ ..... #......#
.....##.....)#
......:....).###########
...........##...........
.....g))...##...........
#.$..g@...##...........
#....w....##...........
#.........##...........
###.......##...........
#.......##...........
############.#.....#.
#.#.#####. #.#.# #.
#.#.# #.


You could see a worm and 2 gnolls.

Vanquished Creatures
  2 gnolls (D:2)
  A dart slug (D:1)
  2 ball pythons (D:1)
  5 bats (D:1)
  2 endoplasms (D:1)
  A giant cockroach (D:1)
  5 goblins
  2 hobgoblins (D:1)
  4 kobolds
  5 quokkas (D:1)
  2 rats (D:1)
31 creatures vanquished.

Notes
Turn   | Place    | Note
-------+----------+-------------------------------------------
     0 | D:1      | qw the Gargoyle Fighter began the quest for the Orb.
     0 | D:1      | Reached XP level 1. HP: 14/14 MP: 1/1
     0 | D:1      | 0 ||| qw: Version: 0.2-a-12-gaebbb33
     0 | D:1      | 0 ||| qw: Game counter: 1224
     0 | D:1      | 0 ||| qw: Always use a shield: true
     0 | D:1      | 0 ||| qw: God list: Okawaru
     0 | D:1      | 0 ||| qw: Allow faded altars: false
     0 | D:1      | 0 ||| qw: Do Orc after D:15 true
     0 | D:1      | 0 ||| qw: Do second Lair branch before Depths: true
     0 | D:1      | 0 ||| qw: Lair rune preference: random
     0 | D:1      | 0 ||| qw: Plans: Normal, Zot:1-4, God:TSO, Crypt, Tomb,
                  | Pan, Slime:5, Hells, Abyss, Orb
     0 | D:1      | 0 ||| PLANNING D:1-11
   173 | D:1      | Reached XP level 2. HP: 15/19 MP: 2/2
   414 | D:1      | Found a faded altar of an unknown god.
   478 | D:1      | 478 ||| Stepping ~*~*~tactically~*~*~ (stealth).
   610 | D:1      | 610 ||| Stepping ~*~*~tactically~*~*~ (stealth).
   640 | D:1      | Reached skill level 3 in Axes
   642 | D:1      | 642 ||| DROPPING +0 club.
   669 | D:1      | 669 ||| Stepping ~*~*~tactically~*~*~ (stealth).
   778 | D:1      | Reached XP level 3. HP: 23/23 MP: 3/3
   827 | D:1      | 827 ||| Stepping ~*~*~tactically~*~*~ (stealth).
  1099 | D:1      | 1099 ||| UPGRADING to +0 kite shield.
  1109 | D:1      | 1109 ||| DROPPING +0 buckler.
  1110 | D:1      | 1110 ||| UPGRADING to +0 helmet.
  1115 | D:1      | 1115 ||| READING scroll labelled AGRAGA FOONUE.
  1118 | D:1      | 1118 ||| READING scroll labelled ZURENO LEXZUFE.
  1136 | D:2      | 1136 ||| STAIRDANCE
  1147 | D:2      | Found a broken altar of Ashenzari.
  1235 | D:2      | HP: 5/23 [gnoll/+0 halberd (2)]
  1236 | D:2      | Slain by a gnoll

Levels and vault maps discovered:
D:1:      evilmike_arrival_crescent, layout_loops_cross,
          hellmonk_ecumenical_altar_crossroads, minmay_misc_feat_hallway,
          chequers_garden, chequers_serial_rivers_small_b
D:2:      layout_basic, basic_altar

Skill      XL: |  1  2 |
---------------+-------+-----
Axes           | 2 3 |  3.2
Fighting       | |  3.2
Armour         | |  3.2
Shields        | |  3.4

Action                   || total
-------------------------++-------
Melee: War axe           ||    86
  Use: Scroll            ||     2
Armor: Scale mail        ||    69
Dodge: Dodged            ||    47
Block: Buckler           ||     9
       Kite shield       ||    15

Table legend:
 A = Non-vault XP
 B = Vault XP
 C = Vault XP percentage of total XP
 D = Non-vault monster count
 E = Vault monster count
 F = Vault count percentage of total count
                 A         B        C        D         E       F
            +---------+---------+-------+---------+---------+-------
      Total |      82 |       0 |   0.0 |      31 |       0 |   0.0
            +---------+---------+-------+---------+---------+-------
        D:1 |      47 |       0 |   0.0 |      25 |       0 |   0.0
        D:2 |      35 |       0 |   0.0 |       6 |       0 |   0.0
            +---------+---------+-------+---------+---------+-------
